Workbook

Sheet План закупок
B4: ПЛАН ЗАКУПКИ ТОВАРОВ (РАБОТ, УСЛУГ)
B5: на 2026 год
A7: Наименование заказчика | E7: АО "Международный аэропорт Владивосток"
A8: Адрес местонахождения заказчика | E8: 692756, Приморский край г. Артем ул. Владимира Сайбеля, 41
A9: Телефон заказчика | E9: (423) 230-69-99
A10: Электронная почта заказчика | E10: via@vvo.aero
A11: ИНН | E11: 2502035642
A12: КПП | E12: 250201001
A13: ОКАТО | E13: 5405000000
A16: Порядковый номер | B16: Код по ОКВЭД2 | C16: Код по ОКПД2 | D16: Условия договора | N16: Способ закупки | O16: Закупка в электронной форме да (нет) | P16: Участие субъектов МСП в закупке (Да/Нет) | Q16: Объем финансового обеспечения закупки за счет средств субсидии, предоставляемой в целях реализации национальных и федеральных проектов, комплексного плана модернизации и расширения магистральной инфраструктуры*
D17: Предмет договора | E17: Минимально необходимые требования, предъявляемые к закупаемым товарам (работам, услугам) | F17: Единица измерения | H17: Сведения о количестве (объеме) | I17: Регион поставки товаров (выполнения работ, оказания услуг) | K17: Сведения о начальной (максимальной) цене договора (цене лота) | L17: График осуществления процедур закупки
F18: код по ОКЕИ | G18: наименование | I18: код по ОКАТО | J18: наименование | L18: планируемая дата или период размещения извещения о закупке (месяц, год) | M18: срок исполнения договора (месяц, год)
A19: 1 | B19: 2 | C19: 3 | D19: 4 | E19: 5 | F19: 6 | G19: 7 | H19: 8 | I19: 9 | J19: 10 | K19: 11 | L19: 12 | M19: 13 | N19: 14 | O19: 15 | P19: 16 | Q19: 17
D20: Долгосрочные с 2024-2025 года
A21: 1 | B21: 62.09 | C21: 62.09.20.190 | D21: Оказание услуг по сопровождению Электронного периодического справочника «Система ГАРАНТ» | F21: =IFERROR(VLOOKUP(G21,Лист2!$B$3:$C$8,2,FALSE),"-") -> 876 | G21: условная единица | H21: 1 | I21: 05405000000 | J21: Приморский край | K21: 998470 | L21: 06.2024 | M21: 07.2026 | N21: Запрос котировок (для СМП) | O21: Да | P21: Да | Q21: нет
A22: 2 | B22: 62.02 | C22: 62.02.30.000 | D22: Оказание услуг по технической поддержке ПО «Компонент Платформы «Secure Airport» Программного Комплекса «СпецКонтроль» | F22: =IFERROR(VLOOKUP(G22,Лист2!$B$3:$C$8,2,FALSE),"-") -> 876 | G22: условная единица | H22: 1 | I22: 05405000000 | J22: Приморский край | K22: 2880000 | L22: 07.2023 | M22: 06.2026 | N22: Единственный поставщик | O22: Нет | P22: нет | Q22: нет
A23: 3 | B23: 38.11 | C23: 38.11.21.000 | D23: Оказание услуг по обращению с твердыми коммунальными отходами | F23: =IFERROR(VLOOKUP(G23,Лист2!$B$3:$C$8,2,FALSE),"-") -> 876 | G23: условная единица | H23: 1 | I23: 05405000000 | J23: Приморский край | K23: 401846.48 | L23: 12.2025 | M23: 12.2026 | N23: Единственный поставщик | O23: Нет | P23: нет | Q23: нет
A24: 4 | B24: 36.00 | C24: 36.00.11.000 | D24: Оказание услуг по отпуску питьевой воды | F24: =IFERROR(VLOOKUP(G24,Лист2!$B$3:$C$8,2,FALSE),"-") -> 876 | G24: условная единица | H24: 1 | I24: 05405000000 | J24: Приморский край | K24: 1728425 | L24: 12.2025 | M24: 12.2026 | N24: Единственный поставщик | O24: Нет | P24: нет | Q24: нет
A25: 5 | B25: 26.30 | C25: 26.30.50.110 | D25: Выполнение работ по поставке, монтажу и интеграции системы СКУД и оконечных устройств охранной сигнализации | F25: =IFERROR(VLOOKUP(G25,Лист2!$B$3:$C$8,2,FALSE),"-") -> 876 | G25: условная единица | H25: 1 | I25: 05405000000 | J25: Приморский край | K25: 8556828 | L25: 11.2025 | M25: 04.2026 | N25: Запрос предложений (для СМП) | O25: Да | P25: Да | Q25: нет
A26: 6 | B26: 86.90 | C26: 86.90.19.190 | D26: Проведение ежегодного профилактического медицинского осмотра,включая химико-токсикологические исследования | F26: =IFERROR(VLOOKUP(G26,Лист2!$B$3:$C$8,2,FALSE),"-") -> 876 | G26: условная единица | H26: 1 | I26: 05405000000 | J26: Приморский край | K26: 2000000 | L26: 03.2025 | M26: 12.2026 | N26: Запрос котировок | O26: Да | P26: нет | Q26: нет
A27: 7 | B27: 22.29 | C27: 22.29.29.190 | D27: Поставка элементов щеток полипропиленовых: 254*990 | F27: =IFERROR(VLOOKUP(G27,Лист2!$B$3:$C$8,2,FALSE),"-") -> 796 | G27: штука | H27: не определено | I27: 05405000000 | J27: Приморский край | L27: 04.2026 | M27: 09.2026 | N27: Запрос котировок (для СМП) | O27: Да | P27: Да | Q27: нет
A28: 8 | B28: 86.90 | C28: 86.90.19.190 | D28: Оказание услуг по проведению медицинских осмотров_x000D_ | F28: =IFERROR(VLOOKUP(G28,Лист2!$B$3:$C$8,2,FALSE),"-") -> 876 | G28: условная единица | H28: 1 | I28: 05405000000 | J28: Приморский край | K28: 500000 | L28: 07.2025 | M28: 08.2026 | N28: Закупка в электронном магазине (для СМСП) | O28: Да | P28: Да | Q28: нет
A29: 9 | B29: 29.32 | C29: 29.32.30.390 | D29: Поставка запасных частей на тракторную косилку McConnel SR820 | F29: =IFERROR(VLOOKUP(G29,Лист2!$B$3:$C$8,2,FALSE),"-") -> 796 | G29: штука | H29: 3 | I29: 05405000000 | J29: Приморский край | K29: 1088325 | L29: 12.2025 | M29: 03.2026 | N29: Закупка в электронном магазине (для СМСП) | O29: Да | P29: Да | Q29: нет
A30: 10 | B30: 33.12 | C30: 33.12.29.900 | D30: Выполнение работ по техническому обслуживанию и ремонту автоматических ворот и шлагбаумов на КПП № 1, №3 и № 4 | F30: =IFERROR(VLOOKUP(G30,Лист2!$B$3:$C$8,2,FALSE),"-") -> 876 | G30: условная единица | H30: 1 | I30: 05405000000 | J30: Приморский край | K30: 579600 | L30: 01.2025 | M30: 02.2026 | N30: Запрос предложений (для СМП) | O30: Да | P30: Да | Q30: нет
A31: 11 | B31: 80.10 | C31: 80.10.12.200 | D31: Оказание услуг охраны объектов аэропорта | F31: =IFERROR(VLOOKUP(G31,Лист2!$B$3:$C$8,2,FALSE),"-") -> 876 | G31: условная единица | H31: 1 | I31: 05405000000 | J31: Приморский край | K31: 20000000 | L31: 08.2025 | M31: 02.2026 | N31: Закупка в электронном магазине (для СМСП) | O31: Да | Q31: нет
A32: 12 | B32: 65.12 | C32: 65.12.32.000 | D32: Страхование гражданской ответственности аэропортовой деятельности АО "МАВ" | F32: =IFERROR(VLOOKUP(G32,Лист2!$B$3:$C$8,2,FALSE),"-") -> 876 | G32: условная единица | H32: 1 | I32: 05405000000 | J32: Приморский край | K32: 3920000 | L32: 07.2025 | M32: 06.2027 | N32: Единственный поставщик | O32: Нет | P32: нет | Q32: нет
A33: 13 | B33: 29.32.3 | C33: 29.32.30.390 | D33: Поставка оси в сборе для аэродромного тягача Fressia SP-300 | F33: =IFERROR(VLOOKUP(G33,Лист2!$B$3:$C$8,2,FALSE),"-") -> 796 | G33: штука | H33: 1 | I33: 05405000000 | J33: Приморский край | K33: 8747061.8 | L33: 12.2025 | M33: 04.2026 | N33: Закупка в электронном магазине (для СМСП) | O33: Да | P33: Да | Q33: нет
A34: 14 | B34: 10.92 | C34: 10.92.10.110 | D34: Поставка корма для собак | F34: =IFERROR(VLOOKUP(G34,Лист2!$B$3:$C$8,2,FALSE),"-") -> 796 | G34: штука | H34: не определено | I34: 05405000000 | J34: Приморский край | K34: 2000000 | L34: 12.2025 | M34: 12.2027 | N34: Закупка в электронном магазине (для СМСП) | O34: Да | P34: Да | Q34: нет
A35: 15 | B35: 86.21 | C35: 86.21.10.120 | D35: Оказание услуг по проведению периодических медицинских осмотров с вредными условиями труда | F35: =IFERROR(VLOOKUP(G35,Лист2!$B$3:$C$8,2,FALSE),"-") -> 876 | G35: условная единица | H35: 1 | I35: 05405000000 | J35: Приморский край | K35: 3894367 | L35: 12.2025 | M35: 12.2026 | N35: Запрос котировок | O35: Да | P35: нет | Q35: нет
A36: 16 | B36: 65.12 | C36: 65.12.49.000 | D36: Оказание услуг страхования имущества от рисков | F36: =IFERROR(VLOOKUP(G36,Лист2!$B$3:$C$8,2,FALSE),"-") -> 876 | G36: условная единица | H36: 1 | I36: 05405000000 | J36: Приморский край | K36: 1416135.4 | L36: 04.2025 | M36: 04.2028 | N36: Единственный поставщик | O36: Нет | P36: нет | Q36: нет
A37: 17 | B37: 65.12 | C37: 65.12.29.000 | D37: Страхование КАСКО (LC-200) | F37: =IFERROR(VLOOKUP(G37,Лист2!$B$3:$C$8,2,FALSE),"-") -> 876 | G37: условная единица | H37: 1 | I37: 05405000000 | J37: Приморский край | K37: 198449 | L37: 04.2025 | M37: 05.2026 | N37: Единственный поставщик | O37: Нет | P37: нет | Q37: нет
A38: 18 | B38: 19.20 | C38: 19.20.21.100 | D38: Поставка нефтепродуктов_x000D_ | F38: =IFERROR(VLOOKUP(G38,Лист2!$B$3:$C$8,2,FALSE),"-") -> 876 | G38: условная единица | H38: 1 | I38: 05405000000 | J38: Приморский край | K38: 50000000 | L38: 05.2025 | M38: 12.2026 | N38: Открытый конкурс (для СМП) | O38: Да | P38: Да | Q38: нет
A39: 19 | B39: 63.99 | C39: 63.99.10.190 | D39: Оказание услуг по обеспечению формирования в ASTRA DCS сведений о пассажирских перевозках и передаче сведений в АЦБПДП | F39: =IFERROR(VLOOKUP(G39,Лист2!$B$3:$C$8,2,FALSE),"-") -> 876 | G39: условная единица | H39: 1 | I39: 05405000000 | J39: Приморский край | K39: 1200000 | L39: 12.2025 | M39: 12.2027 | N39: Единственный поставщик | O39: Нет | P39: нет | Q39: нет
A40: 20 | B40: 65.12 | C40: 65.12.12.000 | D40: Оказание услуг по добровольному медицинскому страхованию (ДМС) | F40: =IFERROR(VLOOKUP(G40,Лист2!$B$3:$C$8,2,FALSE),"-") -> 876 | G40: условная единица | H40: 1 | I40: 05405000000 | J40: Приморский край | K40: 3000000 | L40: 05.2025 | M40: 04.2026 | N40: Единственный поставщик | O40: Нет | P40: нет | Q40: нет
A41: 21 | B41: 29.32 | C41: 29.32.30.129 | D41: Поставка запасных частей для автомобилей и специальной техники | F41: =IFERROR(VLOOKUP(G41,Лист2!$B$3:$C$8,2,FALSE),"-") -> 796 | G41: штука | H41: не определено | I41: 05405000000 | J41: Приморский край | K41: 7000000 | L41: 10.2025 | M41: 12.2027 | N41: Единственный поставщик | O41: Нет | P41: нет | Q41: нет
A42: 22 | B42: 33.12 | C42: 33.12.16.000 | D42: Выполнение работ по техническому обслуживанию оборудования автоматизированной информационно-измерительной системы технического учета «Аэропорт» | F42: =IFERROR(VLOOKUP(G42,Лист2!$B$3:$C$8,2,FALSE),"-") -> 876 | G42: условная единица | H42: 1 | I42: 05405000000 | J42: Приморский край | K42: 576600 | L42: 08.2025 | M42: 09.2026 | N42: Запрос предложений (для СМП) | O42: Да | P42: Да | Q42: нет
A43: 23 | B43: 61.10.3 | C43: 61.10.30.190 | D43: Оказание услуг связи (доступ в сеть интернет) | F43: =IFERROR(VLOOKUP(G43,Лист2!$B$3:$C$8,2,FALSE),"-") -> 876 | G43: условная единица | H43: 1 | I43: 05405000000 | J43: Приморский край | K43: 1800000 | L43: 01.2025 | M43: 08.2026 | N43: Единственный поставщик | O43: Нет | P43: нет | Q43: нет
A44: 24 | B44: 80.10 | C44: 80.10.19.000 | D44: Оказание услуг по осуществлению проверок для аттестации сил обеспечения транспортной безопасности на воздушном транспорте сотрудников СТ(А)Б | F44: =IFERROR(VLOOKUP(G44,Лист2!$B$3:$C$8,2,FALSE),"-") -> 876 | G44: условная единица | H44: 1 | I44: 05405000000 | J44: Приморский край | K44: 2556600 | L44: 02.2025 | M44: 12.2026 | N44: Запрос котировок (для СМП) | O44: Да | P44: Да | Q44: нет
A45: 25 | B45: 63.99 | C45: 63.99.10.190 | D45: Оказание услуг по обеспечению осуществления автоматизированного процесса обслуживания рейсов, регистрации и отправки пассажиров и багажа с помощью АС «Астра» | F45: =IFERROR(VLOOKUP(G45,Лист2!$B$3:$C$8,2,FALSE),"-") -> 876 | G45: условная единица | H45: 1 | I45: 05405000000 | J45: Приморский край | K45: 1600000 | L45: 10.2025 | M45: 11.2026 | N45: Единственный поставщик | O45: Нет | P45: нет | Q45: нет
A46: 26 | B46: 80.20 | C46: 80.20.10.000 | D46: Оказание услуг по техническому обслуживанию системы охранно-пожарной сигнализации, системы ФЭС и пожарного оборудования | F46: =IFERROR(VLOOKUP(G46,Лист2!$B$3:$C$8,2,FALSE),"-") -> 876 | G46: условная единица | H46: 1 | I46: 05405000000 | J46: Приморский край | K46: 2080598.1 | L46: 11.2025 | M46: 11.2026 | N46: Запрос предложений (для СМП) | O46: Да | P46: Да | Q46: нет
A47: 27 | B47: 65.12 | C47: 65.12.29.000 | D47: Страхование КАСКО (OVERAASEN RSC250-2шт) | F47: =IFERROR(VLOOKUP(G47,Лист2!$B$3:$C$8,2,FALSE),"-") -> 876 | G47: условная единица | H47: 1 | I47: 05405000000 | J47: Приморский край | K47: 360000 | L47: 10.2025 | M47: 05.2026 | N47: Единственный поставщик | O47: Нет | P47: нет | Q47: нет
A48: 28 | B48: 80.10 | C48: 80.10.19.000 | D48: Оказание услуг по осуществлению проверок для аттестации сил обеспечения транспортной безопасности на воздушном транспорте сотрудников СТ(А)Б | F48: =IFERROR(VLOOKUP(G48,Лист2!$B$3:$C$8,2,FALSE),"-") -> 876 | G48: условная единица | H48: 1 | I48: 05405000000 | J48: Приморский край | K48: 2556600 | L48: 02.2025 | M48: 12.2026 | N48: Запрос котировок | O48: Да | P48: нет | Q48: нет
A49: 29 | B49: 79.11 | C49: 79.11.11.000 | D49: Оказание услуг по предварительному бронированию и оформлению билетов | F49: =IFERROR(VLOOKUP(G49,Лист2!$B$3:$C$8,2,FALSE),"-") -> 876 | G49: условная единица | H49: 1 | I49: 05405000000 | J49: Приморский край | K49: 10000000 | L49: 12.2025 | M49: 12.2026 | N49: Единственный поставщик | O49: Нет | P49: нет | Q49: нет
A50: 30 | B50: 63.99 | C50: 63.99.10.190 | D50: Оказание услуг по обеспечению осуществления автоматизированного процесса обслуживания рейсов, регистрации и отправки пассажиров и багажа с помощью АС «Астра» | F50: =IFERROR(VLOOKUP(G50,Лист2!$B$3:$C$8,2,FALSE),"-") -> 876 | G50: условная единица | H50: 1 | I50: 05405000000 | J50: Приморский край | K50: 7800000 | L50: 11.2025 | M50: 11.2026 | N50: Единственный поставщик | O50: Нет | P50: нет | Q50: нет
A51: 31 | B51: 35.30 | C51: 35.30.11.120 | D51: Оказание услуг отопления и горячего водоснабжения | F51: =IFERROR(VLOOKUP(G51,Лист2!$B$3:$C$8,2,FALSE),"-") -> 876 | G51: условная единица | H51: 1 | I51: 05405000000 | J51: Приморский край | K51: 5058787.1 | L51: 12.2025 | M51: 12.2026 | N51: Единственный поставщик | O51: Нет | P51: нет | Q51: нет
A52: 32 | B52: 63.99 | C52: 63.99.10.190 | D52: Оказания услуг по передаче, с помощью электронных средств, сведений о пассажирах, членах экипажа и данные о регистрируемой операции | F52: =IFERROR(VLOOKUP(G52,Лист2!$B$3:$C$8,2,FALSE),"-") -> 876 | G52: условная единица | H52: 1 | I52: 05405000000 | J52: Приморский край | K52: 600000 | L52: 11.2025 | M52: 04.2026 | N52: Единственный поставщик | O52: Нет | P52: нет | Q52: нет
A53: 33 | B53: 84.24 | C53: 84.24.11.000 | D53: Оказание услуг по охране аэропорта (тревожная сигнализация) | F53: =IFERROR(VLOOKUP(G53,Лист2!$B$3:$C$8,2,FALSE),"-") -> 876 | G53: условная единица | H53: 1 | I53: 05405000000 | J53: Приморский край | K53: 261342.72 | L53: 10.2025 | M53: 11.2026 | N53: Единственный поставщик | O53: Нет | P53: нет | Q53: нет
A54: 34 | B54: 28.99 | C54: 28.99.39.190 | D54: Поставка орнитологического оборудования | F54: =IFERROR(VLOOKUP(G54,Лист2!$B$3:$C$8,2,FALSE),"-") -> 796 | G54: штука | H54: 7 | I54: 05405000000 | J54: Приморский край | K54: 2156700 | L54: 11.2025 | M54: 02.2026 | N54: Закупка в электронном магазине (для СМП) | O54: Да | P54: Да | Q54: нет
D55: ЯНВАРЬ
A56: 37 | B56: =LEFT(C56,6) -> 14.13 | C56: 14.13.99.220 | D56: Поставка форменной одежды | E56: Форменное обмундирование | F56: =IFERROR(VLOOKUP(G56,Лист2!$B$3:$C$8,2,FALSE),"-") -> 796 | G56: штука | H56: не определено | I56: 05405000000 | J56: Приморский край | K56: 7400000 | L56: 46023 | M56: 46387 | N56: Закупка в электронном магазине (для СМП) | O56: Да | P56: Да | Q56: нет
A57: 40 | B57: =LEFT(C57,6) -> 18.12. | C57: 18.12.14.000 | D57: Услуги по обеспечению аэронавигационной информацией | E57: Точность, разрешение, целостность, оперативность. | F57: =IFERROR(VLOOKUP(G57,Лист2!$B$3:$C$8,2,FALSE),"-") -> 876 | G57: условная единица | H57: 1 | I57: 05405000000 | J57: Приморский край | K57: 721584 | L57: 46023 | M57: 46387 | N57: Единственный поставщик | O57: Нет | P57: Нет | Q57: нет
A58: 42 | B58: =LEFT(C58,6) -> 71.12. | C58: 71.12.39.110 | D58: Услуги по предоставлению специализированной гидрометеорологической информации | E58: Точность метеонаблюдений | F58: =IFERROR(VLOOKUP(G58,Лист2!$B$3:$C$8,2,FALSE),"-") -> 876 | G58: условная единица | H58: 1 | I58: 05405000000 | J58: Приморский край | K58: 218303.58 | L58: 46023 | M58: 46387 | N58: Единственный поставщик | O58: Нет | P58: Нет | Q58: нет
A59: 44 | B59: =LEFT(C59,6) -> 27.11. | C59: 27.11.10.110 | D59: Приобретение электородвигателя для автоматических ворот на КПП-1,3,4 | E59: Выполнение работ квалифицированной организацией | F59: =IFERROR(VLOOKUP(G59,Лист2!$B$3:$C$8,2,FALSE),"-") -> 796 | G59: штука | H59: 1 | I59: 05405000000 | J59: Приморский край | K59: 120000 | L59: 46035 | M59: 46385 | N59: Закупка в электронном магазине (для СМСП) | O59: Да | P59: Да | Q59: нет
A60: 45 | B60: =LEFT(C60,6) -> 75.00. | C60: 75.00.11.000 | D60: Услуги ветеринара для служебных собак | E60: Выполнение работ квалифицированной организацией | F60: =IFERROR(VLOOKUP(G60,Лист2!$B$3:$C$8,2,FALSE),"-") -> 876 | G60: условная единица | H60: 1 | I60: 05405000000 | J60: Приморский край | K60: 120000 | L60: 46035 | M60: 46387 | N60: Запрос котировок | O60: Да | P60: нет | Q60: нет
A61: 46 | B61: =LEFT(C61,6) -> 80.10. | C61: 80.10.12.200 | D61: Услуги охраны | F61: =IFERROR(VLOOKUP(G61,Лист2!$B$3:$C$8,2,FALSE),"-") -> 876 | G61: условная единица | H61: 1 | I61: 05405000000 | J61: Приморский край | K61: 45330000 | L61: 46037 | M61: 46387 | N61: Единственный поставщик | O61: Нет | P61: Нет | Q61: нет
A62: 151 | B62: =LEFT(C62,6) -> 74.90. | C62: 74.90.20.140 | D62: Оказание услуг аудита состояния информационной безопасности инфраструктуры Клиента | E62: Оказание услуг квалифицированной организацией | F62: =IFERROR(VLOOKUP(G62,Лист2!$B$3:$C$8,2,FALSE),"-") -> 876 | G62: условная единица | H62: 1 | I62: 05405000000 | J62: Приморский край | K62: 1278266.7 | L62: 46043 | M62: 46357 | N62: Единственный поставщик | O62: Нет | P62: Нет | Q62: нет
A63: 152 | B63: 62.02 | C63: 62.02.30.000 | D63: Оказание услуг по сопровождению и технической поддержке программного обеспечения – Платформа общего доступа систем регистрации и бронирования авиакомпаний к периферийному оборудованию аэропорта «АИСТ» | E63: Оказание услуг квалифицированной организацией | F63: =IFERROR(VLOOKUP(G63,Лист2!$B$3:$C$8,2,FALSE),"-") -> 876 | G63: условная единица | H63: 1 | I63: 05405000000 | J63: Приморский край | K63: 15876000 | L63: 46043 | M63: 47100 | N63: Единственный поставщик | O63: Нет | P63: Нет | Q63: нет
A64: 153 | B64: 37.00 | C64: 37.00.11.110 | D64: Оказание услуг (использование водных объектов в целях питьевого и хозяйственно-бытового водоснабжения, сточные воды) | E64: Оказание услуг квалифицированной организацией | F64: =IFERROR(VLOOKUP(G64,Лист2!$B$3:$C$8,2,FALSE),"-") -> 876 | G64: условная единица | H64: 1 | I64: 05405000000 | J64: Приморский край | K64: 980046.39 | L64: 46043 | M64: 46204 | N64: Единственный поставщик | O64: Нет | P64: Нет | Q64: нет
A65: 154 | B65: 58.29 | C65: 58.29.29.000 | D65: Поставка лицензий на программное обеспечение Dr.Web Security Suite | E65: Наличие лицензии | F65: =IFERROR(VLOOKUP(G65,Лист2!$B$3:$C$8,2,FALSE),"-") -> 876 | G65: условная единица | H65: 1 | I65: 05405000000 | J65: Приморский край | K65: 465052 | L65: 46041 | M65: 46081 | N65: Закупка в электронном магазине (для СМП) | O65: Да | P65: Да | Q65: нет
A66: 155 | B66: 63.11.9 | C66: 63.11.12.000 | D66: Предоставление неисключительных прав на использование программного обеспечения «АвиаБит-Аэропорт» и оказание технической поддержки | E66: Оказание услуг организацией, лицензированной на использование ПО | F66: =IFERROR(VLOOKUP(G66,Лист2!$B$3:$C$8,2,FALSE),"-") -> 876 | G66: условная единица | H66: 1 | I66: 05405000000 | J66: Приморский край | K66: 4440000 | L66: 46043 | M66: 46387 | N66: Единственный поставщик | O66: Нет | P66: Нет | Q66: нет
A67: 156 | B67: 85.42 | C67: 85.42.19.900 | D67: Оказание образовательных услуг по специальной профессиональной подготовке и переподготовке (повышению квалификации) сотрудников СПАСОП | E67: Наличие лицензии | F67: =IFERROR(VLOOKUP(G67,Лист2!$B$3:$C$8,2,FALSE),"-") -> 876 | G67: условная единица | H67: 1 | I67: 05405000000 | J67: Приморский край | K67: 211945 | L67: 46043 | M67: 46387 | N67: Единственный поставщик | O67: Нет | P67: Нет | Q67: нет
A68: 157 | B68: 71.12 | C68: 71.12.35.110 | D68: Выполнение комплекса кадастровых работ по подготовке и согласованию проекта перепланировки, составлению технического плана, подготовке документации для внесения изменений в кадастровый учет объекта недвижимости | F68: =IFERROR(VLOOKUP(G68,Лист2!$B$3:$C$8,2,FALSE),"-") -> 876 | G68: условная единица | H68: 1 | I68: 05405000000 | J68: Приморский край | K68: 3000000 | L68: 46043 | M68: 46082 | N68: Закупка в электронном магазине (для СМП) | O68: Да | P68: Да | Q68: нет
D69: ФЕВРАЛЬ
A70: 48 | B70: =LEFT(C70,6) -> 71.20. | C70: 71.20.13.120 | D70: Оказание услуг по проведению периодической летной проверки ССО | E70: работа (услуга) ддолжна выполняттся квалифицированными специалистами и сертифицированным оборудованием | F70: =IFERROR(VLOOKUP(G70,Лист2!$B$3:$C$8,2,FALSE),"-") -> 876 | G70: условная единица | H70: 1 | I70: 05405000000 | J70: Приморский край | K70: 1630000 | L70: 46054 | M70: 46172 | N70: Единственный поставщик | O70: Нет | P70: Нет | Q70: нет
A71: 50 | B71: =LEFT(C71,6) -> 86.90. | C71: 86.90.19.190 | D71: Оказание услуг по проведению периодического профилактического медицинского осмотра, включающего в себя химико-токсикологические исследования наличия в организме наркотических средств, психотропных веществ и их метаболитов работников подразделения транспортной безопасности | E71: Выполнение работ квалифицированной организацией по ОТБ | F71: =IFERROR(VLOOKUP(G71,Лист2!$B$3:$C$8,2,FALSE),"-") -> 876 | G71: условная единица | H71: 1 | I71: 05405000000 | J71: Приморский край | K71: 2000000 | L71: 46054 | M71: 46752 | N71: Запрос котировок | O71: Да | P71: Нет | Q71: нет
A72: 51 | B72: =LEFT(C72,6) -> 22.11. | C72: 22.11.14.190 | D72: Поставка шин для спецтехники | E72: Поставка сертифицированного товара | F72: =IFERROR(VLOOKUP(G72,Лист2!$B$3:$C$8,2,FALSE),"-") -> 796 | G72: штука | H72: 72 | I72: 05405000000 | J72: Приморский край | K72: 1200780.3 | L72: 46054 | M72: 46172 | N72: Запрос котировок (для СМП) | O72: Да | P72: Нет | Q72: нет
A73: 52 | B73: 17.29.. | C73: 17.29.11.110 | D73: Поставка номерных самоклеящихся стикеров «Досмотрено» | E73: Выполнение работ квалифицированной организацией (типографией) | F73: =IFERROR(VLOOKUP(G73,Лист2!$B$3:$C$8,2,FALSE),"-") -> 796 | G73: штука | H73: 1480645 | I73: 05405000000 | J73: Приморский край | K73: 918000 | L73: 46054 | M73: 46143 | N73: Запрос котировок | O73: Да | P73: Нет | Q73: нет
A74: 53 | B74: =LEFT(C74,6) -> 26.20. | C74: 26.20.11.110 | D74: Поставка ноутбуков | F74: =IFERROR(VLOOKUP(G74,Лист2!$B$3:$C$8,2,FALSE),"-") -> 796 | G74: штука | H74: 20 | I74: 05405000000 | J74: Приморский край | K74: 698049 | L74: 46054 | M74: 46145 | N74: Запрос котировок (для СМП) | O74: Да | P74: Да | Q74: нет
A75: 54 | B75: =LEFT(C75,6) -> 27.40. | C75: 27.40.15.120 | D75: Поставка УФ-ламп для ПО | E75: (по периметру) | F75: =IFERROR(VLOOKUP(G75,Лист2!$B$3:$C$8,2,FALSE),"-") -> 796 | G75: штука | H75: не определено | I75: 05405000000 | J75: Приморский край | K75: 700000 | L75: 46054 | M75: 46143 | N75: Запрос котировок (для СМП) | O75: Да | P75: Да | Q75: нет
A76: 56 | B76: =LEFT(C76,6) -> 28.29. | C76: 28.29.12.153 | D76: Поставка мембраны для скважины 37062 | F76: =IFERROR(VLOOKUP(G76,Лист2!$B$3:$C$8,2,FALSE),"-") -> 876 | G76: условная единица | H76: не определено | I76: 05405000000 | J76: Приморский край | K76: 350000 | L76: 46054 | M76: 46143 | N76: Закупка в электронном магазине (для СМП) | O76: Да | P76: Да | Q76: нет
A77: 57 | B77: =LEFT(C77,6) -> 33.13. | C77: 33.13.11.000 | D77: Выполнение работ по ремонту прибора обнаружения ВВ и ВУ для ОД | E77: Работы должны проводится специализированной компанией. | F77: =IFERROR(VLOOKUP(G77,Лист2!$B$3:$C$8,2,FALSE),"-") -> 876 | G77: условная единица | H77: 1 | I77: 05405000000 | J77: Приморский край | K77: 250000 | L77: 46054 | M77: 46143 | N77: Закупка в электронном магазине (для СМП) | O77: Да | P77: Да | Q77: нет
A78: 58 | B78: =LEFT(C78,6) -> 71.12. | C78: 71.12.12.190 | D78: Подготовка проектно-сметной документации по проектированию взлетно-посадочной полосы № 2 аэродрома | E78: Оказание услуг лицензированной организацией | F78: =IFERROR(VLOOKUP(G78,Лист2!$B$3:$C$8,2,FALSE),"-") -> 876 | G78: условная единица | H78: 1 | I78: 05405000000 | J78: Приморский край | K78: 600000000 | L78: 46081 | M78: 46381 | N78: Открытый конкурс (для СМП) | O78: Да | P78: Да | Q78: нет
A79: 59 | B79: 42.11 | C79: 42.11.20.900 | D79: Выполнение работ по текущему ремонту аэродромных покрытий | E79: Выполнение работ квалифицированной организацией | F79: =IFERROR(VLOOKUP(G79,Лист2!$B$3:$C$8,2,FALSE),"-") -> 876 | G79: условная единица | H79: 1 | I79: 05405000000 | J79: Приморский край | K79: 102000000 | L79: 46081 | M79: 46151 | N79: Открытый конкурс (для СМП) | O79: Да | P79: Да | Q79: нет
A80: 63 | B80: =LEFT(C80,6) -> 08.12. | C80: 08.12.12.150 | D80: Поставка смеси щебеночно-песчаной С5 | E80: Соответствие ГОСТ | F80: =IFERROR(VLOOKUP(G80,Лист2!$B$3:$C$8,2,FALSE),"-") -> 113 | G80: Кубический метр | H80: 752 | I80: 05405000000 | J80: Приморский край | K80: 900000 | L80: 46081 | M80: 46381 | N80: Запрос котировок (для СМП) | O80: Да | P80: Да | Q80: нет
A81: 65 | B81: =LEFT(C81,6) -> 08.12. | C81: 08.12.12.150 | D81: Поставка грунта скального | E81: Соответствие ГОСТ | F81: =IFERROR(VLOOKUP(G81,Лист2!$B$3:$C$8,2,FALSE),"-") -> 113 | G81: Кубический метр | H81: 1200 | I81: 05405000000 | J81: Приморский край | K81: 600000 | L81: 46081 | M81: 46381 | N81: Запрос котировок (для СМП) | O81: Да | P81: Да | Q81: нет
A82: 67 | B82: 28.30 | C82: 28.30.86.130 | D82: Поставка молотков подвижных MAR-003 для мульчера (лесной измельчитель Impulse HM2 2300) | E82: Поставка товаров по заявкам заказчика до склада заказчика | F82: =IFERROR(VLOOKUP(G82,Лист2!$B$3:$C$8,2,FALSE),"-") -> 796 | G82: штука | H82: 60 | I82: 05405000000 | J82: Приморский край | K82: 371446 | L82: 46081 | M82: 46171 | N82: Закупка в электронном магазине (для СМП) | O82: Да | P82: Да | Q82: нет
A83: 41 | B83: =LEFT(C83,6) -> 71.12. | C83: 71.12.40.129 | D83: Оказание услуг по поверке (калибровке) средств измерений | E83: Оказание услуг квалифицированной организацией | F83: =IFERROR(VLOOKUP(G83,Лист2!$B$3:$C$8,2,FALSE),"-") -> 876 | G83: условная единица | H83: 1 | I83: 05405000000 | J83: Приморский край | K83: 331523.2 | L83: 46058 | M83: 46387 | N83: Запрос котировок | O83: Да | P83: нет | Q83: нет
A84: 35 | B84: 85.3 | C84: 85.31.11.000 | D84: Оказание образовательных услуг по приобретению навыков применения специальных средств и проведение периодической проверки работников на пригодность к действиям в условиях, связанных с применением специальных средств | E84: Оказание услуг лицензированной организацией | F84: =IFERROR(VLOOKUP(G84,Лист2!$B$3:$C$8,2,FALSE),"-") -> 876 | G84: условная единица | H84: 1 | I84: 05405000000 | J84: Приморский край | K84: 1441332.8 | L84: 46069 | M84: 46387 | N84: Запрос предложений | O84: Да | P84: Нет | Q84: нет
A85: 38 | B85: =LEFT(C85,6) -> 20.59. | C85: 20.59.59.900 | D85: Поставка пенообразователя для тушения пожаров на воздушных судах | E85: Соответствие ГОСТ | F85: =IFERROR(VLOOKUP(G85,Лист2!$B$3:$C$8,2,FALSE),"-") -> 166 | G85: кг | H85: 7000 | I85: 05405000000 | J85: Приморский край | K85: 1698866.3 | L85: 46071 | M85: 46172 | N85: Запрос котировок (для СМП) | O85: Да | P85: Да | Q85: нет
A86: 39 | B86: =LEFT(C86,6) -> 32.99. | C86: 32.99.11.130 | D86: Поставка аппаратов дыхательных со сжатым воздухом для пожарных и спасателей гражданской авиации | E86: Наличие сертификата ЦС СПАСОП ГА | F86: =IFERROR(VLOOKUP(G86,Лист2!$B$3:$C$8,2,FALSE),"-") -> 796 | G86: штука | H86: 5 | I86: 05405000000 | J86: Приморский край | K86: 1076200 | L86: 46069 | M86: 46203 | N86: Запрос котировок | O86: Да | P86: нет | Q86: нет
A87: 43 | B87: =LEFT(C87,6) -> 33.12. | C87: 33.12.29.900 | D87: Оказание услуг по техническому обслуживанию и ремонту автоматических ворот и шлагбаумов на КПП № 1, №3 и № 4 | E87: Выполнение работ квалифицированной организацией | F87: =IFERROR(VLOOKUP(G87,Лист2!$B$3:$C$8,2,FALSE),"-") -> 876 | G87: условная единица | H87: 1 | I87: 05405000000 | J87: Приморский край | K87: 585600 | L87: 46069 | M87: 46447 | N87: Закупка в электронном магазине (для СМП) | O87: Да | P87: Да | Q87: нет
A88: 158 | B88: 80.10 | C88: 80.10.12.200 | D88: Оказание услуг охраны объектов аэропорта | E88: Оказание услуг лицензированной организацией | F88: =IFERROR(VLOOKUP(G88,Лист2!$B$3:$C$8,2,FALSE),"-") -> 876 | G88: условная единица | H88: 1 | I88: 05405000000 | J88: Приморский край | K88: 45329532 | L88: 46066 | M88: 46417 | N88: Единственный поставщик | O88: Нет | P88: Нет | Q88: нет
A89: 159 | B89: 27.90 | C89: 27.90.70.000 | D89: Поставка глиссадных огней 401 СР-2-20-16-AL | E89: Поставка сертифицированного товара | F89: =IFERROR(VLOOKUP(G89,Лист2!$B$3:$C$8,2,FALSE),"-") -> 796 | G89: штука | H89: 20 | I89: 05405000000 | J89: Приморский край | K89: 7304160 | L89: 46066 | M89: 46082 | N89: Единственный поставщик | O89: Нет | P89: Нет | Q89: нет
A90: 160 | B90: 14..12 | C90: 14.12.30.130 | D90: Поставка сорочек мужских и блуз женских | E90: Поставка сертифицированного товара | F90: =IFERROR(VLOOKUP(G90,Лист2!$B$3:$C$8,2,FALSE),"-") -> 796 | G90: штука | H90: 874 | I90: 05405000000 | J90: Приморский край | K90: 2370463.3 | L90: 46071 | M90: 46296 | N90: Закупка в электронном магазине (для СМП) | O90: Да | P90: Да | Q90: нет
A91: 161 | B91: 61.10.3 | C91: 61.10.30.190 | D91: Оказание услуг связи (обработка телеграфных сообщений) | E91: Оказание услуг лицензированной организацией | F91: =IFERROR(VLOOKUP(G91,Лист2!$B$3:$C$8,2,FALSE),"-") -> 876 | G91: условная единица | H91: 1 | I91: 05405000000 | J91: Приморский край | K91: 613562.4 | L91: 46054 | M91: 46357 | N91: Единственный поставщик | O91: Нет | P91: нет | Q91: нет
A92: 162 | B92: 33.13 | C92: 33.13.11.000 | D92: Выполнение работ по ремонту универсального радиометра-спектометра МКС-А03-1 | E92: Выполнение работ квалифицированной организацией | F92: =IFERROR(VLOOKUP(G92,Лист2!$B$3:$C$8,2,FALSE),"-") -> 876 | G92: условная единица | H92: 1 | I92: 05405000000 | J92: Приморский край | K92: 281000 | L92: 46054 | M92: 46112 | N92: Единственный поставщик | O92: Нет | P92: нет | Q92: нет
D93: МАРТ
A94: 69 | B94: =LEFT(C94,6) -> 26.51. | C94: 26.51.82.180 | D94: Поставка запасных частей на РТУ | E94: (Затвор/калибровочное устройство EDХ-2is view A-1 шт, Лента Hi-Scan 6040 2is-1 шт) | F94: =IFERROR(VLOOKUP(G94,Лист2!$B$3:$C$8,2,FALSE),"-") -> 796 | G94: штука | H94: 2 | I94: 05405000000 | J94: Приморский край | K94: 2550000 | L94: 46082 | M94: 46204 | N94: Запрос котировок (для СМП) | O94: Да | P94: Да | Q94: нет
A95: 73 | B95: =LEFT(C95,6) -> 46.49. | C95: 46.49.23.000 | D95: Поставка канцелярских товаров | E95: Канцелярские товары в ассортименте | F95: =IFERROR(VLOOKUP(G95,Лист2!$B$3:$C$8,2,FALSE),"-") -> 796 | G95: штука | H95: не определено | I95: 05405000000 | J95: Приморский край | K95: 912000 | L95: 46082 | M95: 46387 | N95: Единственный поставщик | O95: Да | P95: Да | Q95: нет
A96: 74 | B96: =LEFT(C96,6) -> 22.22. | C96: 22.22.11.110 | D96: Поставка бахил, п/э изделий | E96: Бахилы, мешки мусорные, пакеты п/э | F96: =IFERROR(VLOOKUP(G96,Лист2!$B$3:$C$8,2,FALSE),"-") -> 796 | G96: штука | H96: не определено | I96: 05405000000 | J96: Приморский край | K96: 684000 | L96: 46082 | M96: 46387 | N96: Запрос котировок (для СМП) | O96: Да | P96: Да | Q96: нет
A97: 77 | B97: =LEFT(C97,6) -> 58.29. | C97: 58.29.50.000 | D97: Лицензии на программное обеспечение PERCo (СКУД) | F97: =IFERROR(VLOOKUP(G97,Лист2!$B$3:$C$8,2,FALSE),"-") -> 876 | G97: условная единица | H97: 20 | I97: 05405000000 | J97: Приморский край | K97: 340000 | L97: 46082 | M97: 46143 | N97: Закупка в электронном магазине (для СМП) | O97: Да | P97: Да | Q97: нет
A98: 79 | B98: =LEFT(C98,6) -> 20.30. | C98: 20.30.22.170 | D98: Поставка битумно-полимерного герметика | E98: Наличие заключения аккредитованной лаборатории отраслевой научной организации | F98: =IFERROR(VLOOKUP(G98,Лист2!$B$3:$C$8,2,FALSE),"-") -> 166 | G98: кг | H98: 15000 | I98: 05405000000 | J98: Приморский край | K98: 2150000 | L98: 46094 | M98: 46154 | N98: Запрос котировок (для СМП) | O98: Да | P98: Да | Q98: нет
A99: 83 | B99: =LEFT(C99,6) -> 43.39. | C99: 43.39.19.190 | D99: Выполнение работ по текущему ремонту коридора 1 этажа и помещений в штабе 3-1; 3-2 | E99: Выполнение работ квалифицированной организацией | F99: =IFERROR(VLOOKUP(G99,Лист2!$B$3:$C$8,2,FALSE),"-") -> 876 | G99: условная единица | H99: 1 | I99: 05405000000 | J99: Приморский край | K99: 1630327.9 | L99: 46096 | M99: 46203 | N99: Запрос предложений (для СМП) | O99: Да | P99: Да | Q99: нет
A100: 86 | B100: =LEFT(C100,6) -> 29.20. | C100: 29.20.30.110 | D100: Поставка запасных частей на тракторную косилку McConnel SR820 | E100: Поставка товаров по заявкам заказчика до склада заказчика | F100: =IFERROR(VLOOKUP(G100,Лист2!$B$3:$C$8,2,FALSE),"-") -> 796 | G100: штука | H100: 35 | I100: 05405000000 | J100: Приморский край | K100: 1300000 | L100: 46111 | M100: 46381 | N100: Запрос котировок (для СМП) | O100: Да | P100: Да | Q100: нет
A101: 55 | B101: 43.29 | C101: 43.29.19.190 | D101: Оказание услуг по наладке-проверке релейной защиты реле токовой защиты | E101: выполнение работ квалифицированным сертифицированным поверенным оборудованием | F101: =IFERROR(VLOOKUP(G101,Лист2!$B$3:$C$8,2,FALSE),"-") -> 876 | G101: условная единица | H101: 1 | I101: 05405000000 | J101: Приморский край | K101: 490000 | L101: 46111 | M101: 46166 | N101: Запрос предложений | O101: Да | P101: нет | Q101: нет
A102: 61 | B102: =LEFT(C102,6) -> 20.30. | C102: 20.30.22.110 | D102: Поставка лакокрасочных материалов для маркировки аэродромных знаков | E102: Наличие заключения аккредитованной лаборатории отраслевой научной организации | F102: 7530 | G102: кг | H102: 10000 | I102: 05405000000 | J102: Приморский край | K102: 1588055.9 | L102: 46111 | M102: 46182 | N102: Запрос котировок | O102: Да | P102: нет | Q102: нет
A103: 64 | B103: =LEFT(C103,6) -> 23.64. | C103: 23.64.10.110 | D103: Поставка ремонтного материала для оперативного ремонта цементобетонных аэродромных покрытий | E103: Наличие заключения аккредитованной лаборатории отраслевой научной организации | F103: 2000 | G103: кг | H103: 6300 | I103: 05405000000 | J103: Приморский край | K103: 596000 | L103: 46111 | M103: 46381 | N103: Запрос котировок | O103: Да | P103: нет | Q103: нет
A104: 68 | B104: 27.90 | C104: 27.90.40.150 | D104: Поставка стационарной системы радиоэлектронного подавления беспилотных воздушных судов | E104: Система должна быть новой, сертифицированной,совместимой с имеющейся системой обнаружения БПЛА | F104: =IFERROR(VLOOKUP(G104,Лист2!$B$3:$C$8,2,FALSE),"-") -> 796 | G104: штука | H104: 1 | I104: 05405000000 | J104: Приморский край | K104: 2202913.3 | L104: 46111 | M104: 46203 | N104: Запрос котировок (для СМП) | O104: Да | P104: Да | Q104: нет
A105: 62 | B105: 08.12.1 23.99.1 | C105: 08.12.12.150 23.99.12.190 | D105: Поставка скального грунта, щебеночно-песчаной смеси и асфальтовой крошки | E105: Соответствие ГОСТ | F105: =IFERROR(VLOOKUP(G105,Лист2!$B$3:$C$8,2,FALSE),"-") -> 113 | G105: Кубический метр | H105: не определено | I105: 05405000000 | J105: Приморский край | K105: 2700000 | L105: 46111 | M105: 46381 | N105: Запрос котировок (для СМП) | O105: Да | P105: Да | Q105: нет
A106: 142 | B106: =LEFT(C106,6) -> 58.29. | C106: 58.29.50.000 | D106: Предоставление права на использование программного обеспечения антивирусной защиты Kaspersky Secure Mail Gateway | E106: Оказание услуг лицензированной организацией | F106: =IFERROR(VLOOKUP(G106,Лист2!$B$3:$C$8,2,FALSE),"-") -> 876 | G106: условная единица | H106: 500 | I106: 05405000000 | J106: Приморский край | K106: 622507 | L106: 46082 | M106: 46143 | N106: Запрос котировок (для СМП) | O106: Да | P106: Да | Q106: нет
...

Sheet Образец
A1: Наименование заказчика | E1: АО "Международный аэропорт Владивосток"
A2: Адрес местонахождения заказчика | E2: =IF($E$1=Лист2!$J$2,Лист2!J3,IF($E$1=Лист2!$K$2,Лист2!K3,"-")) -> 692756, Приморский край г. Артем ул. Владимира Сайбеля, 41
A3: Телефон заказчика | E3: =IF($E$1=Лист2!$J$2,Лист2!J4,IF($E$1=Лист2!$K$2,Лист2!K4,"-")) -> (423) 230-69-99
A4: Электронная почта заказчика | E4: =IF($E$1=Лист2!$J$2,Лист2!J5,IF($E$1=Лист2!$K$2,Лист2!K5,"-")) -> via@vvo.aero
A5: ИНН | E5: =IF($E$1=Лист2!$J$2,Лист2!J6,IF($E$1=Лист2!$K$2,Лист2!K6,"-")) -> 2502035642
A6: КПП | E6: =IF($E$1=Лист2!$J$2,Лист2!J7,IF($E$1=Лист2!$K$2,Лист2!K7,"-")) -> 250201001
A7: ОКАТО | E7: =IF($E$1=Лист2!$J$2,Лист2!J8,IF($E$1=Лист2!$K$2,Лист2!K8,"-")) -> 5405000000
A9: Порядковый номер | B9: Код по ОКВЭД2 | C9: Код по ОКПД2 | D9: Условия договора | N9: Дата предоставления в СЗЗ согласованной Заявки на закупку (ТЗ, смета и т.п.) (за 14 к дн до даты извещения) | O9: Заключение договора (+43 к дн от даты извещения) | P9: Способ закупки | Q9: Закупка в электронной форме да (нет) | R9: Участие субъектов МСП в закупке (Да/Нет) | S9: Статья затрат
D10: Предмет договора | E10: Минимально необходимые требования, предъявляемые к закупаемым товарам (работам, услугам) | F10: Единица измерения | H10: Сведения о количестве (объеме) | I10: Регион поставки товаров (выполнения работ, оказания услуг) | K10: Сведения о начальной (максимальной) цене договора (цене лота) | L10: График осуществления процедур закупки
F11: код по ОКЕИ | G11: наименование | I11: код по ОКАТО | J11: наименование | L11: планируемая дата или период размещения извещения о закупке (месяц, год) | M11: срок исполнения договора (месяц, год)
A12: 1 | B12: 2 | C12: 3 | D12: 4 | E12: 5 | F12: 6 | G12: 7 | H12: 8 | I12: 9 | J12: 10 | K12: 11 | L12: 12 | M12: 13 | N12: 14 | O12: 15 | P12: 16 | Q12: 17 | R12: 18 | S12: 19
A13: 1 | B13: 28.24 | C13: 28.24.12.190 | D13: Выполнение работ по текущему ремонту аэродромных покрытий | E13: Выполнение работ квалифицированной организацией | F13: 876 | G13: условная единица | H13: 1 | I13: 05405000000 | J13: Приморский край | K13: 58000000 | L13: 46082 | M13: 46327 | N13: =L13-14 -> 46068 | O13: =L13+43 -> 46125 | P13: Конкурентный | Q13: Да | R13: Нет | S13: и21
A14: 2 | B14: 20.30 | C14: 20.30.12 | D14: Поставка лакокрасочных материалов для маркировки аэродромных знаков | E14: Наличие заключения аккредитованной лаборатории отраслевой научной организации | F14: 166 | G14: кг | H14: 12358 | I14: 05405000000 | J14: Приморский край | K14: 3073000 | L14: 46113 | M14: 46174 | N14: =L14-14 -> 46099 | O14: =L14+43 -> 46156 | P14: Конкурентный | Q14: Да | R14: Да | S14: о2707
F15: =VLOOKUP(G15,Лист2!$B$3:$C$8,2,FALSE) -> #N/A | I15: 05405000000 | J15: Приморский край
F16: =VLOOKUP(G16,Лист2!$B$3:$C$8,2,FALSE) -> #N/A | I16: 05405000000 | J16: Приморский край
F17: =VLOOKUP(G17,Лист2!$B$3:$C$8,2,FALSE) -> #N/A | I17: 05405000000 | J17: Приморский край
F18: =VLOOKUP(G18,Лист2!$B$3:$C$8,2,FALSE) -> #N/A | I18: 05405000000 | J18: Приморский край
F19: =VLOOKUP(G19,Лист2!$B$3:$C$8,2,FALSE) -> #N/A | I19: 05405000000 | J19: Приморский край
F20: =VLOOKUP(G20,Лист2!$B$3:$C$8,2,FALSE) -> #N/A | I20: 05405000000 | J20: Приморский край
F21: =VLOOKUP(G21,Лист2!$B$3:$C$8,2,FALSE) -> #N/A | I21: 05405000000 | J21: Приморский край
F22: =VLOOKUP(G22,Лист2!$B$3:$C$8,2,FALSE) -> #N/A | I22: 05405000000 | J22: Приморский край
F23: =VLOOKUP(G23,Лист2!$B$3:$C$8,2,FALSE) -> #N/A | I23: 05405000000 | J23: Приморский край
F24: =VLOOKUP(G24,Лист2!$B$3:$C$8,2,FALSE) -> #N/A | I24: 05405000000 | J24: Приморский край
F25: =VLOOKUP(G25,Лист2!$B$3:$C$8,2,FALSE) -> #N/A | I25: 05405000000 | J25: Приморский край
F26: =VLOOKUP(G26,Лист2!$B$3:$C$8,2,FALSE) -> #N/A | I26: 05405000000 | J26: Приморский край
... F48: =VLOOKUP(G48,Лист2!$B$3:$C$8,2,FALSE) -> #N/A | I48: 05405000000 | J48: Приморский край
B50: Руководитель подразделения

Sheet Лист2
B1: Единица измерения | G1: Способ закупки
B2: наименование | C2: код по ОКЕИ | E2: Да | G2: Конкурентный | J2: АО "Терминал Владивосток" | K2: АО "Международный аэропорт Владивосток"
B3: Гигакалория | C3: 233 | E3: Нет | G3: Электронный магазин | J3: 692756, Приморский край г. Артем ул. Владимира Сайбеля, 45 | K3: 692756, Приморский край г. Артем ул. Владимира Сайбеля, 41
B4: кг | C4: 166 | G4: Единственный поставщик | J4: 8(423) 230-69-22 | K4: (423) 230-69-99
B5: Кубический метр | C5: 113 | J5: kanc@vvo.aero | K5: via@vvo.aero
B6: условная единица | C6: 876 | J6: 2502039781 | K6: 2502035642
B7: услуга | C7: 797 | J7: 250201001 | K7: 250201001
B8: штука | C8: 796 | J8: 5405000000 | K8: 5405000000
